Map: Lightshade LE

Players

GOStephano (Stephano)

  • Race: Zerg Zerg
  • League: Grandmaster
  • Spawn Location: 11:00

uwuThermal (uThermal) - Winner!

  • Race: Terran Terran
  • League: Master
  • Spawn Location: 5:00

VOD

Have the link to the VOD?

Description

Time

  • Played on: Jan. 16, 2021, 6:55 a.m.
  • Length: 11:03
Show
View Real Time Build Order
Export as new Build Order

GOStephano Zerg 

Build Orders: Hatch First 

Get SALT Encoding   

  12  0:00  Drone  
  13  0:12  Overlord  
  13  0:16  Drone  
  14  0:30  Drone x2  
  16  0:48  Hatchery  
  15  0:51  Drone  
  15  0:54  Drone  
  15  0:57  Drone  
  18  1:08  Extractor  
  17  1:13  Spawning Pool  
  17  1:17  Drone  
  17  1:28  Drone  
  18  1:39  Drone  
  19  1:49  Drone  
  20  1:59  Queen  
  20  2:00  Queen  
  20  2:01  Zergling x4  
  26  2:10  Drone  
  26  2:11  Overlord  
  27  2:17  Hatchery  
  27  2:22  Drone  
  27  2:28  Extractor  
  27  2:30  Drone  
  27  2:33  Drone  
  27  2:35  Drone  
  30  2:38  Queen  
  32  2:45  Overlord  
  32  2:50  Metabolic Boost  
  32  2:51  Drone  
  33  2:56  Drone  
  34  2:58  Drone  
  35  3:07  Drone x2  
  37  3:13  Drone  
  37  3:16  Queen  
  37  3:17  Drone x2  
  37  3:18  Drone  
  43  3:21  Drone  
  44  3:28  Overlord  
  44  3:31  Queen  
  44  3:33  Queen  
  48  3:37  Drone  
  48  3:40  Drone  
  50  3:45  Overlord  
  50  3:54  Drone  
  50  3:55  Drone x2  
  53  3:56  Drone x2  
  53  3:59  Drone  
  56  4:04  Drone x5  
  61  4:11  Drone x3  
  61  4:15  Drone x2  
  61  4:16  Evolution Chamber  
  65  4:17  Evolution Chamber  
  65  4:20  Drone  
  65  4:27  Overlord  
  65  4:29  Overlord  
  65  4:33  Queen  
  65  4:38  Zergling x2  
  66  4:39  Overlord  
  66  4:43  Zerg Ground Armor Level 1  
  66  4:45  Queen, Spore Crawler  
  65  4:48  Zergling x8, Spore Crawler  
  65  4:49  Zerg Melee Weapons Level 1  
  65  4:50  Drone x3  
  74  4:52  Drone  
  74  4:59  Drone x2  
  76  5:00  Drone x4  
  76  5:03  Spore Crawler  
  76  5:05  Drone  
  80  5:08  Drone x2  
  80  5:09  Extractor  
  80  5:10  Extractor  
  80  5:15  Drone x2  
  80  5:17  Overlord  
  81  5:25  Zergling x2  
  68  5:39  Drone x3  
  68  5:40  Zergling x16  
  68  5:42  Evolution Chamber  
  68  5:43  Evolution Chamber  
  67  5:50  Drone x3  
  69  5:58  Drone x3  
  73  6:04  Drone x2  
  73  6:08  Drone x3  
  76  6:13  Lair  
  76  6:19  Drone x2  
  76  6:21  Drone, Baneling Nest  
  76  6:22  Drone  
  76  6:23  Drone  
  78  6:34  Drone  
  78  6:35  Extractor x2  
  77  6:41  Drone x6  
  77  6:44  Drone x2  
  77  6:46  Hatchery  
  84  6:48  Overlord  
  84  6:49  Overlord  
  84  6:57  Zergling x8  
  84  6:58  Zergling x2  
  89  7:03  Overlord x3  
  89  7:04  Overlord  
  89  7:11  Centrifical Hooks, Baneling x5  
  89  7:17  Zergling x10  
  89  7:18  Zergling x2  
  89  7:19  Zergling x2  
  96  7:24  Baneling x3  
  96  7:25  Zergling x6, Baneling  
  99  7:31  Zergling x8  
  99  7:36  Baneling x2  
  103  7:39  Zergling x10  
  106  7:45  Zerg Ground Armor Level 2, Zerg Melee Weapons Level 2  
  106  7:49  Drone x3  
  106  7:51  Overlord  
  107  8:00  Drone x3, Infestation Pit  
  107  8:01  Drone  
  110  8:07  Drone x5  
  114  8:18  Drone  
  114  8:19  Hatchery  
  114  8:21  Baneling x2  
  114  8:24  Zergling x6  
  114  8:25  Zergling x4  
  114  8:26  Hatchery  
  118  8:33  Baneling  
  118  8:34  Drone x3, Baneling  
  117  8:37  Hive  
  117  8:38  Drone  
  117  8:39  Drone x3, Extractor  
  122  8:43  Overlord  
  122  8:44  Zergling x2  
  122  8:45  Zergling x8  
  127  8:54  Zergling x4  
  127  8:55  Zergling x18  
  138  9:01  Overseer  
  138  9:05  Drone x3  
  138  9:06  Drone x4  
  138  9:07  Drone  
  138  9:08  Overseer, Overlord x2  
  138  9:09  Hatchery  
  145  9:23  Zergling x2  
  145  9:24  Zergling x20  
  156  9:25  Baneling x10  
  156  9:29  Baneling  
  156  9:30  Baneling x2  
  156  9:34  Zergling x10  
  160  9:45  Zergling x14  
  129  9:46  Baneling x7  
  129  9:51  Zergling x4  
  129  9:52  Ultralisk Cavern  
  130  9:59  Zergling x2  
  114  10:00  Zergling x14  
  114  10:08  Zergling x12  
  114  10:10  Queen  
  114  10:12  Zergling x2  
  113  10:15  Baneling x3  
  113  10:17  Zergling x4  
  113  10:18  Baneling  
  113  10:19  Baneling x6  
  115  10:21  Zergling x12  
  115  10:23  Baneling x3  
  115  10:24  Baneling  
  115  10:26  Zergling x4  
  119  10:33  Zergling x12  
  119  10:34  Zergling x2  
  122  10:39  Zergling x4  
  113  10:43  Zergling x4  
Show
View Real Time Build Order
Export as new Build Order

uwuThermal Terran - Winner!

Build Orders: Hellion Opening, Reaper Expand 

Get SALT Encoding   

  12  0:01  SCV  
  13  0:13  SCV  
  14  0:17  Supply Depot  
  14  0:25  SCV  
  15  0:39  SCV  
  15  0:40  Barracks  
  16  0:44  Refinery  
  16  0:51  SCV  
  17  1:03  SCV  
  18  1:15  SCV  
  19  1:28  Orbital Command, Reaper  
  20  1:39  Command Center  
  20  1:47  Supply Depot  
  20  1:54  SCV  
  20  2:00  Marine  
  22  2:06  SCV  
  23  2:08  Factory  
  23  2:18  SCV  
  23  2:21  Barracks Reactor  
  24  2:30  SCV  
  25  2:41  Command Center  
  25  2:42  SCV  
  26  2:51  Orbital Command  
  26  2:54  SCV  
  27  2:59  Starport  
  27  3:07  SCV  
  27  3:08  Hellion  
  27  3:12  Refinery  
  30  3:15  Hellion  
  30  3:19  SCV x2  
  34  3:30  Hellion  
  34  3:31  SCV x2  
  38  3:36  Viking  
  38  3:37  Hellion  
  42  3:43  SCV x2  
  44  3:53  Hellion  
  44  3:54  Orbital Command  
  44  3:55  SCV  
  47  3:58  Hellion  
  47  4:00  SCV  
  50  4:05  Supply Depot  
  50  4:07  Liberator  
  50  4:09  SCV  
  54  4:15  Supply Depot, SCV, Hellion  
  56  4:19  Hellion  
  56  4:22  SCV x2  
  60  4:26  Barracks Tech Lab  
  60  4:27  SCV  
  61  4:34  SCV x2  
  61  4:37  Hellion  
  65  4:39  SCV  
  65  4:41  Hellion  
  65  4:44  Stimpack  
  65  4:45  Marine  
  69  4:48  SCV  
  69  4:49  SCV  
  69  4:52  Barracks x2  
  71  4:53  Supply Depot, Starport Reactor  
  71  4:54  SCV  
  72  5:00  SCV  
  74  5:07  Engineering Bay x2  
  74  5:09  Orbital Command  
  74  5:10  Marine, Refinery  
  74  5:11  Refinery  
  74  5:12  SCV  
  75  5:15  SCV  
  76  5:21  Factory Tech Lab  
  76  5:24  SCV  
  76  5:26  Barracks x2  
  76  5:27  SCV  
  76  5:28  Marine  
  79  5:35  SCV  
  76  5:36  SCV  
  76  5:39  SCV  
  71  5:43  Siege Tank  
  71  5:45  Marine  
  71  5:47  SCV  
  71  5:48  SCV  
  71  5:49  Starport Reactor  
  77  5:50  Marine  
  77  5:51  SCV  
  77  5:52  Marine x2  
  77  5:56  Terran Infantry Weapons Level 1, Terran Infantry Armor Level 1  
  77  5:57  Marine  
  77  5:59  SCV  
  77  6:00  SCV  
  77  6:03  Marine, SCV  
  74  6:08  Marine  
  74  6:10  Marine  
  76  6:11  SCV  
  76  6:12  SCV  
  76  6:13  Barracks Reactor  
  76  6:14  Barracks Reactor, Marine  
  76  6:15  Marine, SCV  
  81  6:18  Supply Depot  
  81  6:19  Supply Depot  
  81  6:20  Siege Tank  
  81  6:21  Marine  
  81  6:24  Supply Depot  
  85  6:31  Refinery  
  85  6:34  Supply Depot  
  85  6:39  Marine x4  
  85  6:40  Medivac x2  
  85  6:41  Marine  
  85  6:45  Barracks  
  85  6:46  Barracks  
  94  6:47  Armory  
  94  6:48  Barracks  
  94  6:52  Marine x3  
  97  6:57  Marine x4  
  97  6:58  Supply Depot  
  97  7:00  Combat Shield  
  97  7:01  Marine  
  102  7:03  Marine  
  102  7:04  SCV  
  102  7:06  Supply Depot  
  102  7:07  Supply Depot  
  104  7:09  Marine  
  104  7:10  Marine x2, Medivac  
  104  7:14  SCV  
  104  7:15  Supply Depot, Marine x3  
  111  7:16  Supply Depot  
  111  7:18  Marine  
  111  7:19  Siege Tank  
  111  7:20  Marine  
  118  7:23  Marine  
  118  7:24  Supply Depot  
  118  7:28  Marine  
  122  7:34  Barracks Reactor x2  
  122  7:36  Barracks Reactor  
  122  7:37  Marine x2  
  122  7:40  Marine  
  122  7:42  Marine x2  
  122  7:43  Marine  
  126  7:45  Missile Turret  
  126  7:46  Missile Turret  
  126  7:48  Missile Turret  
  126  7:49  Marine x3  
  129  7:52  Terran Infantry Weapons Level 2  
  129  7:55  Marine x2  
  129  7:57  Marine, Terran Infantry Armor Level 2  
  130  8:00  Marine x2  
  130  8:01  Marine  
  133  8:07  Marine x2  
  133  8:08  Siege Tank  
  133  8:10  Marine  
  133  8:11  Marine x2  
  133  8:12  Marine  
  142  8:13  Marine x4  
  142  8:16  SCV x3  
  142  8:18  Marine  
  150  8:20  Medivac, Refinery  
  150  8:25  Medivac  
  154  8:29  Marine x2  
  154  8:30  Marine x4  
  154  8:33  Marine  
  161  8:34  Marine  
  161  8:37  Supply Depot x2  
  161  8:38  Marine  
  163  8:44  Marine x2  
  163  8:47  Supply Depot  
  165  8:58  Siege Tank, Marine x5, Medivac  
  165  9:00  Marine x5  
  180  9:03  Marine  
  180  9:04  Supply Depot  
  180  9:09  Marine x4  
  185  9:15  Supply Depot  
  185  9:22  Marine x4  
  189  9:25  Marine x2  
  189  9:27  Marine  
  189  9:30  Siege Tank  
  195  9:33  Marine  
  195  9:36  Marine  
  195  9:37  Marine  
  198  9:44  Marine x3  
  170  9:48  Marine x6  
  170  9:49  Marine  
  170  9:50  Medivac  
  179  9:58  Marine x2, Medivac  
  179  9:59  Marine x3  
  174  10:01  Marine  
  174  10:03  Siege Tank  
  160  10:07  Marine x6  
  160  10:08  Marine x3  
  148  10:15  Marine  
  148  10:16  Marine  
  148  10:17  Marine  
  148  10:24  Marine  
  148  10:27  Marine x3  
  152  10:32  Marine  
  152  10:34  Marine x2  
  152  10:38  Marine x3  
  152  10:42  Marine  
  152  10:43  Marine x2  
Tags
 
Add a new tag
Caveats
  • Supply blocks, unpowered buildings, or Contaminate may cause inaccurate times.
  • Supply counts are checked every 10 seconds.